 Dungeon Crawl Stone Soup version 0.21.1-1-g345015f (webtiles) character file.

369 t7DKbSm the Shield-Bearer (level 6, -6/53 HPs)
             Began as a Minotaur Fighter on May 10, 2018.
             Killed by divine providence
             ... invoked by an orc priest
              (11 damage)
             ... on level 4 of the Dungeon.
             The game lasted 00:10:12 (2902 turns).

t7DKbSm the Shield-Bearer (Minotaur Fighter)        Turns: 2902, Time: 00:10:13

Health: -6/53      AC: 10    Str: 21    XL:     6   Next: 41%
Magic:  5/5        EV:  8    Int:  5    God:
Gold:   144        SH: 10    Dex: 11    Spells: 5/5 levels left

rFire    . . .     SeeInvis .   o - +3 hand axe
rCold    . . .     Gourm    .   c - +0 shield
rNeg     . . .     Faith    .   b - +0 scale mail
rPois    .         Spirit   .   (helmet restricted)
rElec    .         Reflect  .   (no cloak)
rCorr    .         Harm     .   s - +2 pair of gloves {archery}
MR       .....                  (no boots)
Stlth    ..........             (no amulet)
HPRegen  0.17/turn              (no ring)
MPRegen  0.09/turn              (no ring)

@: no status effects
A: retaliatory headbutt, horns 2
a: no special abilities


You were on level 4 of the Dungeon.
You were not hungry.

You visited 1 branch of the dungeon, and saw 4 of its levels.

You collected 144 gold pieces.

Inventory:

Hand Weapons
 a - a +0 war axe
 n - a +2 quarterstaff of chaos
 o - a +3 hand axe (weapon)
Armour
 b - a +0 scale mail (worn)
 c - a +0 shield (worn)
 m - a +0 pair of gloves
 s - a +2 pair of gloves of archery (worn)
 u - a +0 cloak
Scrolls
 e - a scroll of identify
 k - a scroll of blinking
 l - a scroll of amnesia {unknown}
 r - a scroll of remove curse
Potions
 d - 3 potions of might
 g - 2 potions of degeneration {unknown}
 h - 2 potions of heal wounds {unknown}
 i - 2 potions of resistance
 j - a potion of curing {unknown}
 p - 2 potions of mutation {unknown}
 q - 2 potions of haste {unknown}
 t - a potion of agility {unknown}
Comestibles
 f - 7 rations


   Skills:
 + Level 4.7 Fighting
 + Level 4.9 Axes
 + Level 5.3 Armour
 + Level 1.5 Dodging
 + Level 5.3 Shields


You had 5 spell levels left.
You didn't know any spells.

Dungeon Overview and Level Annotations

Branches:
Dungeon (4/15)
 Temple: D:4-7

Altars:
Ashenzari
Elyvilon
Nemelex Xobeh
Qazlal
Zin


Innate Abilities, Weirdness & Mutations

You reflexively headbutt those who attack you in melee.
You have a pair of horns on your head.


Message History

You kill the orc!
Unknown command.
The orc priest calls down the wrath of Beogh upon you.
Beogh smites you! You block the orc's attack.
The orc priest invokes the aid of Beogh against you.
Beogh smites you!
* * * LOW HITPOINT WARNING * * *
There is a white marble altar of Elyvilon here.
You enter the shallow water.
Moving in this stuff is going to be slow.
The orc wizard gestures wildly while chanting.
The orc wizard seems to speed up.
The orc wizard casts a spell.
The orc wizard blinks!
A magic dart appears from out of thin air!
The magic dart hits you!
* * * LOW HITPOINT WARNING * * *
The orc priest calls down the wrath of Beogh upon you.
Beogh smites you!
You die...

♣...≈≈≈...♣ #..##....
♣♣.o≈≈o≈≈oo♣♣
#........
♣...≈≈_≈≈...♣
#........
♣♣..≈≈≈≈≈..♣♣
#..##.... ♣...≈o≈..a♣
#..###### ♣♣.....o.♣♣
#...#.... ♣♣.....♣♣
#...#.).. ♣♣...♣♣
##)##.... ♣♣..@..♣♣
#..##)### ♣♣.......♣♣
##..##.)..
♣...≈≈≈...♣##....)))..
#..≈≈≈≈≈....##..##....
#).≈≈♣≈≈....##..##....
#..≈≈≈≈≈....#.........
#...≈≈≈.....#...##....
##..........#########+
##..[..#...##..##....


You could see a worker ant, an orc priest, an orc wizard and 4 orcs.

Vanquished Creatures
  Duvessa (D:4)
  Dowan (D:4)
  Crazy Yiuf (D:4)
  A worker ant (D:4)
  The ghost of Iko the Vexing, a weakling HuWn (D:4)
  Robin (D:4)
  4 adders
  2 worms (D:3)
  A dart slug (D:1)
  4 leopard geckos
  3 orcs
  6 giant cockroaches
  17 goblins
  8 hobgoblins
  2 jackals (D:3)
  8 bats
  8 frilled lizards
  6 kobolds
  7 rats
82 creatures vanquished.

Notes
Turn   | Place    | Note
-------+----------+-------------------------------------------
     0 | D:1      | t7DKbSm the Minotaur Fighter began the quest for the Orb.
     0 | D:1      | Reached XP level 1. HP: 19/19 MP: 0/0
   155 | D:1      | Reached XP level 2. HP: 21/27 MP: 1/1
   538 | D:1      | Reached XP level 3. HP: 33/33 MP: 2/2
  1337 | D:2      | Found a glowing silver altar of Zin.
  1406 | D:3      | Found a stormy altar of Qazlal.
  1408 | D:3      | Noticed an earth elemental
  1408 | D:3      | Noticed a water elemental
  1409 | D:3      | Noticed an air elemental
  1409 | D:3      | Noticed a fire elemental
  1635 | D:3      | Reached XP level 4. HP: 40/40 MP: 3/3
  1695 | D:3      | Found a sparkling altar of Nemelex Xobeh.
  1779 | D:3      | Found a shattered altar of Ashenzari.
  2085 | D:4      | Noticed Iko's ghost (weakling HuWn)
  2097 | D:4      | Killed Iko's ghost
  2142 | D:4      | Noticed Robin
  2151 | D:4      | Reached skill level 1 in Dodging
  2154 | D:4      | Killed Robin
  2182 | D:4      | Noticed Duvessa
  2182 | D:4      | Noticed Dowan
  2190 | D:4      | Killed Duvessa
  2190 | D:4      | Reached skill level 5 in Armour
  2190 | D:4      | Reached XP level 5. HP: 36/47 MP: 4/4
  2195 | D:4      | HP: 1/47 [Dowan/stone arrow (3)]
  2245 | D:4      | HP: 1/47 [Dowan/shard of ice (8)]
  2572 | D:4      | Killed Dowan
  2572 | D:4      | Reached skill level 5 in Shields
  2572 | D:4      | Reached XP level 6. HP: 16/53 MP: 5/5
  2679 | D:4      | Found a runed door.
  2788 | D:4      | Noticed Crazy Yiuf
  2792 | D:4      | Killed Crazy Yiuf
  2878 | D:4      | Found a white marble altar of Elyvilon.
  2902 | D:4      | Killed from afar by an orc priest

Skill      XL: |  1  2  3  4  5 |
---------------+----------------+-----
Armour         | 4 5 |  5.3
Fighting       | 4 |  4.7
Axes           | 3 4 |  4.9
Shields        | 4 5 |  5.3
Dodging        | 1 |  1.5

Action                   |  1- 3 |  4- 6 || total
-------------------------+-------+-------++-------
Melee: War axe           |   131 |       ||   131
       Headbutt          |    10 |    13 ||    23
       Hand axe          |     9 |    68 ||    77
  Use: Scroll            |     1 |     4 ||     5
  Eat: Chunk             |     2 |     3 ||     5
       Ration            |       |     1 ||     1
Armor: Scale mail        |    68 |    45 ||   113
Dodge: Dodged            |    43 |    27 ||    70
Block: Shield            |    82 |    37 ||   119
